 Dungeon Crawl Stone Soup version 0.31-a0-1206-g41278d8d1d (console) character file.

Game seed: 7584097812737070181

72756 jejorda2 the Basher (level 15, -3/110 (120) HPs)
             Began as a Gnoll Berserker on Dec 13, 2023.
             Was a High Priest of Trog.
             Slain by a vault guard
             ... wielding a +3 glaive
              (9 damage)
             ... on level 13 of the Dungeon.
             The game lasted 01:17:33 (23089 turns).

jejorda2 the Basher (Gnoll Berserker)              Turns: 23089, Time: 01:17:34

HP:   -3/110 (120)  AC: 18    Str: 26    XL:     15   Next: 41%
MP:   29/29         EV: 18    Int:  7    God:    Trog [*****.]
Gold: 429           SH:  0    Dex: 16    Spells: 34/34 levels left

rFire   + . .        w - +5 battleaxe
rCold   . . .        (shield currently unavailable)
rNeg    . . .        z - +9 plate armour of Hedonism {Str+3}
rPois   +            E - +1 hat "Dumuir" {rElec rPois}
rElec   +            s - +0 cloak {rPois}
rCorr   .            P - +0 pair of gloves of Starshine {Slay+3}
SInv    +            V - +0 pair of boots {rampage}
Will    ++++.        v - amulet of faith
Stlth   +            D - ring of willpower
HPRegen 1.38/turn    G - ring "Ziegaleam" {rF+ EV+5 Dex+2 SInv}
MPRegen 0.21/turn

%: rampage, faith
@: strong-willed, corroded, on berserk cooldown, regenerating, slowed, studying
Maces & Flails, drained, very slow
A: fangs 1, strong nose, distributed training, thin skeletal structure 1, see
invisible, poison resistance, shaggy fur 1
a: Renounce Religion, Berserk, Trog's Hand, Brothers in Arms


You were on level 13 of the Dungeon.
You worshipped Trog.
Trog was extremely pleased with you.
You visited 2 branches of the dungeon, and saw 18 of its levels.
You visited the Abyss 1 time.
You also visited: Gauntlet.

You collected 1628 gold pieces.
You spent 1199 gold pieces at shops.

Inventory:

Hand Weapons
 a - a +2 heavy eveningstar
 b - the +11 short sword of the Thing {spect, +Blink rF+ rN+}
   (You found it on level 5 of the Lair of Beasts)

   rF+:       It protects you from fire.
   rN+:       It protects you from negative energy.
   +Blink:    It lets you blink.
 w - a +5 battleaxe (weapon)
Missiles
 c - 2 throwing nets
 d - 6 atropa-tipped darts
 h - 23 boomerangs (quivered)
 i - 2 curare-tipped darts
 y - 38 poisoned darts
 H - 4 silver javelins
Armour
 s - a +0 cloak of poison resistance (worn)
 z - the +9 plate armour of Hedonism (worn) {Str+3}
   (You bought it in a shop on level 2 of the Dungeon)

   Str+3:     It affects your strength (+3).
 E - the +1 hat "Dumuir" (worn) {rElec rPois}
   (You found it in a Gauntlet)

   rElec:     It insulates you from electricity.
   rPois:     It protects you from poison
 P - the +0 pair of gloves of Starshine (worn) {Slay+3}
   (You bought it in a shop on level 2 of the Dungeon)

   Slay+3:    It affects your accuracy & damage with ranged weapons and melee
   (+3).
 V - a +0 pair of boots of rampaging (worn)
Jewellery
 p - the ring "Afiph" {Ice rPois rN+ Will+ Int-3}
   (You found it on level 9 of the Dungeon)

   [ring of ice]

   Ice:       It enhances your ice magic.
   Int-3:     It affects your intelligence (-3).
   rF-:       It makes you vulnerable to fire.
   rC+:       It protects you from cold.
   rPois:     It protects you from poison rN+: It protects you from negative
   energy.
   Will+:     It increases your willpower.
 t - a ring of resist corrosion
 v - an amulet of faith (around neck)
 D - a ring of willpower (left hand)
 G - the ring "Ziegaleam" (right hand) {rF+ EV+5 Dex+2 SInv}
   (You found it in a Gauntlet)

   [ring of evasion]

   EV+5:      It affects your evasion (+5).
   Dex+2:     It affects your dexterity (+2).
   rF+:       It protects you from fire.
   SInv:      It lets you see invisible.
Wands
 j - a wand of paralysis (7)
 l - a wand of iceblast (4)
 r - a wand of flame (23)
 B - a wand of light (15)
 I - a wand of digging (17)
 S - a wand of polymorph (7)
Scrolls
 e - 5 scrolls of immolation
 f - a scroll of blinking
 q - 2 scrolls of fog
 u - 6 scrolls of teleportation
 A - 3 scrolls of poison
 C - 3 scrolls of revelation
 F - a scroll of fear
 K - a scroll of silence
 M - a scroll of enchant armour
 Q - a scroll of butterflies
 T - 2 scrolls of enchant weapon
Potions
 g - 2 potions of curing
 k - 2 potions of heal wounds
 n - 2 potions of might
 o - a potion of magic {unknown}
 x - 3 potions of invisibility
 J - 2 potions of haste
 N - 2 potions of attraction
 O - a potion of cancellation
 R - 5 potions of mutation
Miscellaneous
 m - a lightning rod (4/4)
 L - a sack of spiders


   Skills:
 + Level 12.1 Fighting
 + Level 10.2 Short Blades
 + Level 10.2 Long Blades
 + Level 12.1 Axes
 + Level 13.7 Maces & Flails
 + Level 10.2 Polearms
 + Level 10.2 Staves
 + Level 10.2 Ranged Weapons
 + Level 10.2 Throwing
 + Level 11.2 Armour
 + Level 11.2 Dodging
 + Level 10.2 Stealth
 + Level 10.2 Shields
 + Level 10.2 Unarmed Combat
 + Level 10.2 Spellcasting
 + Level 8.6 Conjurations
 + Level 8.6 Hexes
 + Level 8.6 Summonings
 + Level 8.6 Necromancy
 + Level 8.6 Translocations
 + Level 8.6 Transmutations
 + Level 8.6 Fire Magic
 + Level 8.6 Ice Magic
 + Level 8.6 Air Magic
 + Level 8.6 Earth Magic
 + Level 8.6 Poison Magic
 + Level 11.1 Invocations
 + Level 10.2 Evocations
 + Level 9.4 Shapeshifting


You had 34 spell levels left.
You didn't know any spells.
Your spell library was empty.

Dungeon Overview and Level Annotations

Branches:
Dungeon (13/15)            Temple (0/1) D:7            Lair (5/5) D:9
  Swamp (0/4) Lair:2       Spider (0/4) Lair:3        Slime (0/5) Lair:5
    Orc (0/2) D:11        Gauntlet (visited)
 Vaults: D:13-14

Altars:
Ashenzari
Dithmenos
Fedhas
Nemelex Xobeh
Qazlal
Trog
Vehumet
Jiyva

Shops:
D:2 (*![:   D:4 :

Annotations:
Lair:2 exclusions: basilisk and 3 more exclusions


Innate Abilities, Weirdness & Mutations

You have very sharp teeth.
Your uncanny sense of smell can sniff out nearby items.
Your experience applies equally to all skills.
You have a somewhat thin skeletal structure. (Dex +2, Stealth+)
You have supernaturally acute eyesight. (SInv)
Your system is resistant to poisons. (rPois)
You are covered in fur. (AC +1)


Message History

The rust devil hits you. The rust devil corrodes you!
The rust devil disappears in a puff of smoke!
The orc sorcerer casts a spell at you. You resist with almost no effort.
The orc warrior shoots an arrow.
The arrow hits you.
The deep elf archer shoots an arrow.
The arrow hits you!
The orc sorcerer gestures at you while chanting.
The bolt of negative energy hits the ice devil.
The ice devil completely resists.
The bolt of negative energy hits you!!
You feel drained.
The ice devil attacks as it pursues you!
The ice devil hits you but does no damage.
The orc warrior shoots an arrow.
The arrow hits you but does no damage.
The deep elf archer shoots an arrow.
The arrow completely misses you.
The orc sorcerer gestures wildly while chanting.
The ice devil barely misses you.
The orc warrior shoots an arrow.
The arrow closely misses you.
Your skin crawls.
You feel strong-willed. The ice devil closely misses you.
The orc warrior shoots an arrow.
The arrow barely misses you. The yaktaur barely misses you.
The orc sorcerer gestures at you while chanting.
The bolt of negative energy hits the ice devil.
The ice devil completely resists.
The bolt of negative energy hits you!!
You feel drained.
The orc sorcerer no longer looks unusually strong.
The orc knight roars a battlecry!
The orcs go into a battle-frenzy!
The orc warrior shoots an arrow.
The arrow hits you!
* * * LOW HITPOINT WARNING * * *
The yaktaur attacks as it pursues you!
The yaktaur hits you but does no damage.
The deep elf archer shoots an arrow.
The arrow hits you.
* * * LOW HITPOINT WARNING * * *
The ice devil hits you!
* * * LOW HITPOINT WARNING * * *
The ice devil freezes you!
* * * LOW HITPOINT WARNING * * *
The vault guard attacks as it pursues you!
The vault guard hits you from afar with a +3 glaive!
You die...

#. ...≈≈≈~....# #...... #..
..p≈≈≈~.##.# ####### #..
###≈≈≈~.##.# ###### #...
#≈≈≈~.##.# #.....
#...#####~~~.e##'##### #.....
⌠#.......'............# #.....
.'...#)..'.3..........#
###..... #.....).'9.poc.......#
#.'.....
#...#####~~~o4@......###.#.....
#... #≈≈~p..>.....'...#.....
#.. #≈≈≈~........#######'## #..
op≈≈≈~........# #... #.
..o≈≈≈~.#####'## #### #.
...#≈≈~.## #..# # ####≈~.##
#.## # #..# #.# #### ### ##.#
#...


You could see 4 vault guards, an orc knight, a deep elf archer (repels
missiles), a yaktaur, an ice devil (summoned), a smoke demon (summoned), an orc
sorcerer (strong), 2 orc warriors and a gargoyle.

Vanquished Creatures
  Rupert (Lair:5)
  Frances (D:13)
  An orc warlord (D:13)
  2 dire elephants (Lair:5)
  A minotaur (Gauntlet)
  Snorg (Lair:3)
  4 hydras
  A ghost crab (Lair:2)
  A centaur warrior (D:9)
  2 two-headed ogres (D:9)
  6 death yaks (Lair:5)
  A tengu warrior (D:13)
  A thrashing horror (Abyss:1)
  An orc high priest (D:13)
  4 wretched stars (Abyss:1)
  A spectral death yak (Lair:5)
  A skyshark (Lair:4)
  A spectral anaconda (Lair:5)
  2 glowing orange brains (Gauntlet)
  An obsidian statue (Lair:5)
  9 starcursed masses
  3 orc knights (D:13)
  A harpy (shapeshifter) (D:9)
  3 necromancers (Lair:5)
  3 orc sorcerers (D:13)
  4 cyclopes
  A dire elephant zombie (Lair:5)
  2 manticores
  4 ugly things
  12 elephants
  2 worldbinders (Abyss:1)
  2 guardian serpents (D:11)
  4 black mambas
  7 cane toads
  A gargoyle (D:13)
  2 unseen horrors
  A torpor snail (Lair:2)
  3 large abominations (Abyss:1)
  2 kobold demonologists
  A rime drake (Lair:5)
  6 komodo dragons
  Psyche (D:12)
  2 tengu conjurers
  5 trolls
  13 polar bears
  A spectral elephant (Lair:5)
  8 blink frogs
  7 dream sheep
  3 raiju
  Sigmund (D:2)
  6 shadows
  8 slime creatures
  A water elemental (D:11)
  A vampire (D:10)
  16 wyverns
  5 basilisks
  20 yaks
  A dire elephant simulacrum (Lair:5)
  3 steam dragons
  A ynoxinul (Abyss:1)
  A wraith (D:9)
  Menkaure (D:4)
  4 vampire mosquitoes
  2 small abominations (Abyss:1)
  A spectral cane toad (Lair:2)
  3 acid dragons
  5 water moccasins
  A spectral polar bear (Lair:2)
  9 orc warriors
  4 black bears
  A spectral blink frog (Lair:2)
  2 sky beasts
  2 ogres
  17 wolves
  6 centaurs
  2 elephant skeletons (Lair:5)
  6 kobold brigands
  A phantom (D:4)
  15 bullfrogs
  A cane toad simulacrum (Lair:5)
  A gnoll sergeant (D:5)
  6 scorpions
  9 wights
  12 killer bees
  6 howler monkeys
  6 electric eels
  A quasit (Abyss:1)
  4 hounds
  5 jellies
  8 orc priests
  4 sleepcaps
  4 iguanas
  23 orc wizards
  Terence (D:2)
  Robin (D:2)
  2 adders
  4 gnolls (D:5)
  6 shadow imps
  2 ufetubi (D:6)
  A worm (D:3)
  3 dart slugs (D:3)
  78 orcs
  12 ball pythons
  4 endoplasms
  A giant cockroach (D:2)
  16 goblins
  6 hobgoblins
  5 jackals (D:3)
  17 kobolds
  7 quokkas
  4 bats
  5 frilled lizards
  4 rats
562 creatures vanquished.

Vanquished Creatures (collateral kills)
  A tentacled starspawn (Abyss:1)
  3 yaks (D:8)
  A kobold brigand (D:8)
  2 kobolds (D:8)
7 creatures vanquished.

Grand Total: 569 creatures vanquished

Notes
Turn   | Place    | Note
-------+----------+-------------------------------------------
     0 | D:1      | jejorda2 the Gnoll Berserker began the quest for the Orb.
     0 | D:1      | Reached XP level 1. HP: 23/23 MP: 1/1
   309 | D:1      | Reached XP level 2. HP: 29/29 MP: 2/2
   458 | D:2      | Found Ihium's General Store.
   465 | D:2      | Found Cidis's Antique Weapon Shop.
   504 | D:2      | Noticed Terence
   516 | D:2      | Killed Terence
   517 | D:2      | Reached XP level 3. HP: 7/35 MP: 2/4
   642 | D:2      | Reached skill level 1 in Invocations
   679 | D:2      | Found Teatufumuj's Armour Shoppe.
   696 | D:2      | Reached skill level 1 in Short Blades
   696 | D:2      | Reached skill level 1 in Long Blades
   696 | D:2      | Reached skill level 1 in Maces & Flails
   696 | D:2      | Reached skill level 1 in Polearms
   696 | D:2      | Reached skill level 1 in Staves
   696 | D:2      | Reached skill level 1 in Ranged Weapons
   696 | D:2      | Reached skill level 1 in Throwing
   696 | D:2      | Reached skill level 1 in Stealth
   696 | D:2      | Reached skill level 1 in Shields
   696 | D:2      | Reached skill level 1 in Unarmed Combat
   696 | D:2      | Reached skill level 1 in Spellcasting
   696 | D:2      | Reached skill level 1 in Evocations
   778 | D:2      | Noticed Sigmund
   797 | D:2      | Killed Sigmund
   798 | D:2      | Reached skill level 1 in Conjurations
   798 | D:2      | Reached skill level 1 in Hexes
   798 | D:2      | Reached skill level 1 in Summonings
   798 | D:2      | Reached skill level 1 in Necromancy
   798 | D:2      | Reached skill level 1 in Translocations
   798 | D:2      | Reached skill level 1 in Transmutations
   798 | D:2      | Reached skill level 1 in Fire Magic
   798 | D:2      | Reached skill level 1 in Ice Magic
   798 | D:2      | Reached skill level 1 in Air Magic
   798 | D:2      | Reached skill level 1 in Earth Magic
   798 | D:2      | Reached skill level 1 in Poison Magic
   798 | D:2      | Reached skill level 1 in Shapeshifting
   798 | D:2      | Reached XP level 4. HP: 41/41 MP: 4/6
   798 | D:2      | Reached XP level 5. HP: 47/47 MP: 4/7
  1001 | D:2      | Noticed Robin
  1068 | D:2      | Reached ** piety under Trog
  1070 | D:2      | Killed Robin
  1071 | D:2      | Reached XP level 6. HP: 48/53 MP: 8/8
  1146 | D:2      | Found Zaqac's Distillery.
  1154 | D:2      | Bought a potion of curing for 30 gold pieces
  1161 | D:2      | Found Deh Wak's Book Shoppe.
  1196 | D:2      | Found a bloodstained altar of Trog.
  1218 | D:3      | Found a radiant altar of Vehumet.
  1274 | D:3      | Identified the +1 leather armour of Amorality {rF+ Regen+
                  | Dex+3}
  1405 | D:3      | Found a sparkling altar of Nemelex Xobeh.
  1749 | D:3      | Reached skill level 5 in Armour
  1749 | D:3      | Reached skill level 5 in Dodging
  1964 | D:3      | Reached skill level 2 in Maces & Flails
  1964 | D:3      | Reached *** piety under Trog
  2569 | D:4      | Noticed Menkaure
  2579 | D:4      | Killed Menkaure
  2580 | D:4      | Reached XP level 7. HP: 60/60 MP: 10/10
  2619 | D:4      | Gained mutation: You have a somewhat thin skeletal
                  | structure. (Dex +2, Stealth+) [potion of mutation]
  2619 | D:4      | Gained mutation: Your system is resistant to poisons.
                  | (rPois) [potion of mutation]
  2619 | D:4      | Gained mutation: You are covered in fur. (AC +1) [potion of
                  | mutation]
  2619 | D:4      | Gained mutation: You have supernaturally acute eyesight.
                  | (SInv) [potion of mutation]
  2935 | D:4      | Found Fuhawk's Book Boutique.
  3082 | D:5      | Entered Level 5 of the Dungeon
  3404 | D:5      | Reached XP level 8. HP: 65/67 MP: 12/12
  3458 | D:5      | Reached skill level 3 in Maces & Flails
  4003 | D:6      | Found a stormy altar of Qazlal.
  4162 | D:6      | Reached **** piety under Trog
  4470 | D:6      | Reached XP level 9. HP: 73/73 MP: 14/14
  5014 | D:7      | Reached skill level 4 in Maces & Flails
  5262 | D:7      | Found a blossoming altar of Fedhas.
  5783 | D:7      | Found a staircase to the Ecumenical Temple.
  5906 | D:8      | Reached skill level 5 in Maces & Flails
  5906 | D:8      | Reached skill level 5 in Invocations
  6147 | D:8      | Found a shadowy altar of Dithmenos.
  6547 | D:8      | Reached XP level 10. HP: 80/80 MP: 17/17
  6548 | D:8      | Reached skill level 5 in Short Blades
  6548 | D:8      | Reached skill level 5 in Long Blades
  6548 | D:8      | Reached skill level 5 in Polearms
  6548 | D:8      | Reached skill level 5 in Staves
  6548 | D:8      | Reached skill level 5 in Ranged Weapons
  6548 | D:8      | Reached skill level 5 in Throwing
  6548 | D:8      | Reached skill level 5 in Stealth
  6548 | D:8      | Reached skill level 5 in Shields
  6548 | D:8      | Reached skill level 5 in Unarmed Combat
  6548 | D:8      | Reached skill level 5 in Spellcasting
  6548 | D:8      | Reached skill level 5 in Evocations
  6564 | D:8      | Reached skill level 6 in Maces & Flails
  6986 | D:9      | Noticed a two-headed ogre
  7026 | D:9      | Killed a two-headed ogre
  7027 | D:9      | Reached skill level 5 in Shapeshifting
  7030 | D:9      | HP: 5/123 [wyvern (11)]
  7035 | D:10     | Entered Level 10 of the Dungeon
  7263 | D:9      | Noticed a two-headed ogre
  7271 | D:9      | Killed a two-headed ogre
  7272 | D:9      | Reached skill level 7 in Maces & Flails
  7698 | D:9      | Found a staircase to the Lair.
  7711 | D:9      | Reached XP level 11. HP: 87/87 MP: 19/19
  7730 | D:9      | Found a broken altar of Ashenzari.
  7811 | D:9      | Reached skill level 5 in Conjurations
  7811 | D:9      | Reached skill level 5 in Hexes
  7811 | D:9      | Reached skill level 5 in Summonings
  7811 | D:9      | Reached skill level 5 in Necromancy
  7811 | D:9      | Reached skill level 5 in Translocations
  7811 | D:9      | Reached skill level 5 in Transmutations
  7811 | D:9      | Reached skill level 5 in Fire Magic
  7811 | D:9      | Reached skill level 5 in Ice Magic
  7811 | D:9      | Reached skill level 5 in Air Magic
  7811 | D:9      | Reached skill level 5 in Earth Magic
  7811 | D:9      | Reached skill level 5 in Poison Magic
  8221 | D:9      | Noticed a white ugly thing
  8228 | D:9      | Noticed a seven-headed hydra
  8431 | D:9      | Reached skill level 8 in Maces & Flails
  8535 | D:9      | Noticed a centaur warrior
  8555 | D:9      | Killed a centaur warrior
  8707 | D:9      | Noticed a cyclops
  8727 | D:9      | Killed a cyclops
  8940 | D:9      | Identified the +1 plate armour of the Threshing Gods
                  | {rCorr}
  9065 | D:9      | Killed a seven-headed hydra
  9273 | D:9      | Identified the ring "Afiph" {Ice rPois rN+ Will+ Int-3}
  9431 | D:9      | Noticed a harpy
  9437 | D:9      | Killed a harpy
  9505 | D:9      | Killed a white ugly thing
 10559 | D:11     | Reached skill level 9 in Maces & Flails
 10574 | D:11     | Reached XP level 12. HP: 97/97 MP: 22/22
 10630 | D:11     | Found a gate leading to a gauntlet.
 10640 | Gauntlet | Entered a Gauntlet
 10640 | Gauntlet | Found a transporter.
 10640 | Gauntlet | Found a transporter.
 10646 | Gauntlet | Found a transporter.
 10649 | Gauntlet | Noticed a catoblepas
 10658 | Gauntlet | Found a transporter.
 10676 | Gauntlet | Found a transporter.
 10676 | Gauntlet | Found a transporter.
 10676 | Gauntlet | Found a transporter.
 10678 | Gauntlet | Found a transporter.
 10678 | Gauntlet | Found a transporter.
 10680 | Gauntlet | Noticed a four-headed hydra
 10690 | Gauntlet | Found a transporter.
 10706 | Gauntlet | Found a transporter.
 10713 | Gauntlet | Found a runed translucent door.
 10714 | Gauntlet | Noticed a hell hog
 10717 | Gauntlet | Found a transporter.
 10730 | Gauntlet | Found a transporter.
 10750 | Gauntlet | Found a transporter.
 10852 | Gauntlet | Identified the +1 hat "Dumuir" {rElec rPois}
 10917 | Gauntlet | Identified the ring "Ziegaleam" {rF+ EV+5 Dex+2 SInv}
 11065 | Gauntlet | Noticed a minotaur
 11082 | Gauntlet | Killed a minotaur
 11088 | Gauntlet | Identified the ring of Honesty {rF- rCorr Int+3 Dex+3}
 11433 | D:11     | Reached skill level 10 in Fighting
 11433 | D:11     | Reached skill level 10 in Axes
 11882 | D:11     | Reached skill level 10 in Maces & Flails
 12062 | D:11     | Reached ***** piety under Trog
 12141 | D:11     | Found a staircase to the Orcish Mines.
 12321 | D:11     | Identified the +0 ring mail of the Lobster {rCorr}
 12787 | D:2      | Bought the +9 plate armour of Hedonism {Str+3} for 813 gold
                  | pieces
 12983 | Lair:1   | Entered Level 1 of the Lair of Beasts
 13338 | Lair:1   | Reached XP level 13. HP: 81/104 MP: 24/24
 13707 | Lair:1   | Identified the amulet of Ynumuawk {RegenMP rN++ Will-}
 14124 | Lair:2   | Found a broken altar of Ashenzari.
 14200 | Lair:2   | HP: 2/104 [cane toad (16)]
 14449 | Lair:2   | Received a gift from Trog
 14525 | Lair:2   | Reached skill level 11 in Maces & Flails
 14955 | Lair:2   | Found a staircase to the Swamp.
 15426 | D:2      | Bought the +0 pair of gloves of Starshine {Slay+3} for 241
                  | gold pieces
 15873 | Lair:3   | Found a hole to the Spider Nest.
 15883 | Lair:3   | Noticed Snorg
 15892 | Lair:3   | Killed Snorg
 16773 | Lair:4   | Reached skill level 10 in Armour
 16773 | Lair:4   | Reached skill level 10 in Dodging
 17427 | Lair:4   | Reached XP level 14. HP: 113/113 MP: 25/27
 17731 | Lair:5   | Entered Level 5 of the Lair of Beasts
 17799 | Lair:5   | Reached skill level 12 in Maces & Flails
 17872 | Lair:5   | Reached skill level 10 in Invocations
 17960 | Lair:5   | Found a staircase to the Slime Pits.
 17961 | Lair:5   | Found a viscous altar of Jiyva.
 17962 | Lair:5   | Noticed Rupert
 17988 | Lair:5   | Killed Rupert
 18334 | Lair:5   | Identified the +11 short sword of the Thing {spect, +Blink
                  | rF+ rN+}
 18384 | Lair:5   | Received a gift from Trog
 18696 | Lair:5   | Noticed a dire elephant
 18696 | Lair:5   | Noticed a dire elephant
 18728 | Lair:5   | Killed a dire elephant
 19079 | Lair:5   | Killed a dire elephant
 19432 | Lair:5   | Identified the +9 dagger "Cyohaot" {venom, Int+4}
 19784 | D:12     | Noticed Psyche
 19787 | D:12     | Killed Psyche
 19857 | D:12     | Identified the +5 short sword "Edur" {elec, rElec}
 20662 | D:13     | Reached skill level 13 in Maces & Flails
 21009 | D:2      | Bought a +0 pair of boots of rampaging for 115 gold pieces
 21482 | D:13     | Noticed Frances
 21489 | D:13     | Killed Frances
 21579 | D:13     | Reached XP level 15. HP: 120/120 MP: 28/28
 21615 | Abyss:1  | Cast into level 1 of the Abyss (orc warrior)
 21765 | Abyss:1  | Found a corrupted altar of Lugonu.
 21900 | Abyss:1  | Reached skill level 10 in Short Blades
 21900 | Abyss:1  | Reached skill level 10 in Long Blades
 21900 | Abyss:1  | Reached skill level 10 in Polearms
 21900 | Abyss:1  | Reached skill level 10 in Staves
 21900 | Abyss:1  | Reached skill level 10 in Ranged Weapons
 21900 | Abyss:1  | Reached skill level 10 in Throwing
 21900 | Abyss:1  | Reached skill level 10 in Stealth
 21900 | Abyss:1  | Reached skill level 10 in Shields
 21900 | Abyss:1  | Reached skill level 10 in Unarmed Combat
 21900 | Abyss:1  | Reached skill level 10 in Spellcasting
 21900 | Abyss:1  | Reached skill level 10 in Evocations
 21925 | Abyss:1  | Noticed a tentacled starspawn
 21929 | Abyss:1  | Killed a tentacled starspawn
 22006 | D:13     | Escaped the Abyss
 22006 | D:13     | Noticed an orc warlord
 22383 | D:13     | Killed an orc warlord
 23073 | D:13     | Received a gift from Trog
 23089 | D:13     | Slain by a vault guard

Illustrated notes

Levels and vault maps discovered:
D:1:      scummos_arrival_simple_fountains, layout_rooms
D:2:      layout_basic, serial_shops, nicolae_shop_window_shopping, shop, shop,
          shop_statue, nicolae_shop_just_a_little_nook, basic_altar,
          minmay_hexomino_p4, uniq_terence, uniq_sigmund, uniq_robin
D:3:      minmay_razor_zed, layout_loops_ring, nicolae_vehumet_radiance,
          nemelex_diamond_rough_becter, nicolae_overflow_hidden_temple,
          chequers_serial_rivers_small_b
D:4:      layout_rooms, serial_curves, eino_curves_01, eino_curves_01,
          eino_curves_02, serial_shops, nicolae_stop_n_shop_1, uniq_menkaure
D:5:      layout_basic, item_on_display_b
D:6:      layout_cave_pods, kennysheep_mini, serial_column_ruins,
          column_ruins_open_small, column_ruins_open_tiny,
          column_ruins_columns_straight, column_ruins_open_tiny_water,
          column_ruins_columns_straight, minmay_manual_mares
D:7:      layout_rooms, mainiacjoe_overflow_24_doors,
          minmay_temple_entry_enclosed_plants, minmay_door_square,
          kennysheep_generic_room_15
D:8:      layout_loops_ring, mainiacjoe_overflow_alcove_4
D:9:      minmay_the_grid_triangle_9x9_recursive_2
          [minmay_the_grid_triangle_9x9_prize_top_heavy,
          minmay_the_grid_triangle_9x9_sparse_checkered,
          minmay_the_grid_triangle_9x9_sprig,
          minmay_the_grid_triangle_9x9_stretched_checkered], layout_loops_cross,
          evilmike_ruin_ashenzari, minmay_lair_entry_grove, grunt_ministairs_4,
          st_stairs_6
D:10:     layout_loops_ring
D:11:     nrook_guardian_serpent_snake_passage, layout_irregular_city,
          erik_orc_2, gauntlet_entry_generic
D:12:     layout_loops_ring, uniq_psyche
D:13:     layout_roguey, grunt_vaults_entry_fortified, lightli_church_of_beogh,
          uniq_frances
Lair:1:   layout_hall_layers, serial_bayou_shore_a
Lair:2:   layout_roguey, nicolae_swamp_entry_spooky, basic_altar,
          disabler_island
Lair:3:   layout_loops_ring, dummy_spider_entry, st_stairs_7, uniq_snorg
Lair:4:   layout_cave_pods, beast_lair_carwin_7
Lair:5:   due_jungle_book, layout_cave_pods, minmay_slime_entry_pillars,
          lemuel_fruit_tree, uniq_rupert

Skill      XL: |  1  2  3  4  5  6  7  8  9 10 11 12 13 14 15 |
---------------+----------------------------------------------+-----
Invocations    | 1 2 3 4 5 6 7 8 9 10 11 | 11.1
Short Blades   | 1 2 3 4 5 6 7 9 10 | 10.2
Long Blades    | 1 2 3 4 5 6 7 9 10 | 10.2
Maces & Flails | 1 2 3 5 7 9 10 11 13 | 13.7
Polearms       | 1 2 3 4 5 6 7 9 10 | 10.2
Staves         | 1 2 3 4 5 6 7 9 10 | 10.2
Ranged Weapons | 1 2 3 4 5 6 7 9 10 | 10.2
Throwing       | 1 2 3 4 5 6 7 9 10 | 10.2
Stealth        | 1 2 3 4 5 6 7 9 10 | 10.2
Shields        | 1 2 3 4 5 6 7 9 10 | 10.2
Unarmed Combat | 1 2 3 4 5 6 7 9 10 | 10.2
Spellcasting   | 1 2 3 4 5 6 7 9 10 | 10.2
Evocations     | 1 2 3 4 5 6 7 9 10 | 10.2
Conjurations   | 1 2 3 4 5 6 7 8 |  8.6
Hexes          | 1 2 3 4 5 6 7 8 |  8.6
Summonings     | 1 2 3 4 5 6 7 8 |  8.6
Necromancy     | 1 2 3 4 5 6 7 8 |  8.6
Translocations | 1 2 3 4 5 6 7 8 |  8.6
Transmutations | 1 2 3 4 5 6 7 8 |  8.6
Fire Magic     | 1 2 3 4 5 6 7 8 |  8.6
Ice Magic      | 1 2 3 4 5 6 7 8 |  8.6
Air Magic      | 1 2 3 4 5 6 7 8 |  8.6
Earth Magic    | 1 2 3 4 5 6 7 8 |  8.6
Poison Magic   | 1 2 3 4 5 6 7 8 |  8.6
Shapeshifting  | 1 2 3 4 5 6 7 8 9 |  9.4
Armour         | 5 6 7 8 9 10 11 | 11.2
Dodging        | 5 6 7 8 9 10 11 | 11.2
Fighting       | 7 8 9 10 11 12 | 12.1
Axes           | 7 8 9 10 11 12 | 12.1

Action                     |  1- 3 |  4- 6 |  7- 9 | 10-12 | 13-15 || total
---------------------------+-------+-------+-------+-------+-------++-------
  Melee: Hand axe          |    66 |   185 |   192 |    60 |     1 ||   504
         Bite              |     6 |    13 |    44 |    78 |   121 ||   262
         Punch             |       |     2 |    11 |    31 |    56 ||   100
         Morningstar       |       |       |   172 |   330 |       ||   502
         Dire flail        |       |       |       |   217 |    47 ||   264
         War axe           |       |       |       |    67 |       ||    67
         Eveningstar       |       |       |       |       |   282 ||   282
         Battleaxe         |       |       |       |       |   125 ||   125
         Short sword       |       |       |       |       |   261 ||   261
  Throw: Dart              |       |       |     7 |     8 |       ||    15
         Boomerang         |       |       |       |    14 |    42 ||    56
         Javelin           |       |       |       |       |     7 ||     7
 Invoke: Berserk           |     2 |     2 |     8 |    23 |    17 ||    52
         Trog's Hand       |       |     1 |     6 |    10 |     9 ||    26
         Brothers in Arms  |       |       |       |     1 |     1 ||     2
  Evoke: Wand              |       |       |       |     1 |     1 ||     2
    Use: Potion            |       |       |     5 |     5 |     5 ||    15
         Scroll            |       |       |    17 |    11 |     6 ||    34
   Stab: Sleeping          |       |       |     1 |     5 |       ||     6
         Paralysed         |       |       |       |       |     1 ||     1
         Distracted        |       |       |       |       |     9 ||     9
 Armour: Leather armour    |    14 |       |       |       |       ||    14
         Animal skin       |     3 |       |       |       |       ||     3
         Ring mail         |    12 |    21 |       |       |       ||    33
         Scale mail        |       |    72 |   244 |       |       ||   316
         Chain mail        |       |       |   131 |   322 |       ||   453
         Plate armour      |       |       |       |   190 |   597 ||   787
         Shadow dragon sca |       |       |       |   172 |       ||   172
  Dodge: Dodged            |    39 |    89 |   287 |   483 |   644 ||  1542

Table legend: (Time is in decaauts)
 A = Elapsed time spent in this place.
 B = Non-inter-level travel time spent in this place.
 C = Inter-level travel time spent in this place.
 D = Time resting spent in this place.
 E = Time spent auto-exploring this place.
 F = Levels seen in this place.
 G = Mean time per level.
                   A        B        C        D        E       F      G
               +--------+--------+--------+--------+--------+-----+--------+
         Total |  23540 |  21313 |   2227 |   3487 |  13371 |  20 | 1177.0 |
       Dungeon |  16122 |  14218 |   1904 |   2351 |   8865 |  13 | 1240.2 |
          Lair |   6417 |   6095 |    322 |    932 |   4058 |   5 | 1283.4 |
         Abyss |    379 |    379 |      0 |     74 |    151 |   1 |  379.0 |
      Gauntlet |    620 |    620 |      0 |    128 |    296 |   1 |  620.0 |
               +--------+--------+--------+--------+--------+-----+--------+

Top non-repeatable levels by time:
     D:9: 2789 daAuts
  Lair:5: 1865 daAuts
    D:11: 1553 daAuts
     D:3: 1391 daAuts
    D:10: 1370 daAuts
    D:12: 1362 daAuts
  Lair:2: 1273 daAuts
    D:13: 1227 daAuts
  Lair:4: 1179 daAuts
     D:5: 1143 daAuts
  Lair:1: 1081 daAuts
     D:6: 1077 daAuts
     D:8: 1033 daAuts
  Lair:3: 1018 daAuts
     D:2: 934 daAuts
